 Dungeon Crawl Stone Soup version 0.29.1-2-gbd0b4ee654 (webtiles) character file.

Game seed: 8616104982520190104

1206 cdecastro the Fighter (level 8, -9/98 HPs)
             Began as an Ogre Berserker on Nov 12, 2022.
             Was a Priest of Trog.
             Succumbed to a water moccasin's poison
             ... on level 5 of the Dungeon.
             The game lasted 00:07:00 (5354 turns).

cdecastro the Fighter (Ogre Berserker)              Turns: 5354, Time: 00:07:00

Health: -9/98      AC:  3    Str: 19    XL:     8   Next: 45%
Magic:  8/8        EV: 10    Int: 17    God:    Trog [***...]
Gold:   247        SH:  0    Dex:  8    Spells: 7/7 levels left

rFire   . . .      SeeInvis .   q - +9 rapier "Goucont" {vorpal, rC++ Will+ Str-5 Int+3}
rCold   + + .      Faith    .   (no shield)
rNeg    . . .      Spirit   .   b - +0 animal skin
rPois   .          Reflect  .   (helmet restricted)
rElec   .          Harm     .   (no cloak)
rCorr   .          Rampage  .   (gloves unavailable)
Will    +....                   (boots unavailable)
Stlth   +.........              (no amulet)
HPRegen 0.26/turn               C - +4 ring of slaying
MPRegen 0.11/turn               D - +6 ring of intelligence

@: lethally poisoned (-9 -> -52), on berserk cooldown, slowed, very slow
A: large, unfitting armour, tough skin 1
a: Renounce Religion, Berserk, Trog's Hand


You were on level 5 of the Dungeon.
You worshipped Trog.
Trog was most pleased with you.
You visited 2 branches of the dungeon, and saw 6 of its levels.

You collected 247 gold pieces.

Inventory:

Hand Weapons
 d - a +1 whip of venom
 q - the +9 rapier "Goucont" (weapon) {vorpal, rC++ Will+ Str-5 Int+3}
   (You found it on level 3 of the Dungeon)

   It inflicts extra damage upon your enemies.
   Str:       It affects your strength (-5).
   Int:       It affects your intelligence (+3).
   rC:        It greatly protects you from cold.
   Will:      It increases your willpower.
 u - a +2 vorpal flail
 y - a +2 flail of holy wrath
Missiles
 p - 10 curare-tipped darts (quivered)
 v - 3 poisoned darts
Armour
 b - a +0 animal skin (worn)
 o - a scarf of harm
Jewellery
 C - a +4 ring of slaying (left hand)
 D - a +6 ring of intelligence (right hand)
Wands
 x - a wand of polymorph (5)
Scrolls
 a - 2 scrolls of identify {unknown}
 e - a scroll of enchant weapon {unknown}
 j - 2 scrolls of butterflies {unknown}
 k - 2 scrolls of amnesia {unknown}
 l - a scroll of magic mapping {unknown}
 s - a scroll of teleportation {unknown}
 t - a scroll of silence {unknown}
 w - a scroll of poison {unknown}
 A - a scroll of noise {unknown}
 B - a scroll of vulnerability {unknown}
Potions
 c - 2 potions of might {unknown}
 f - a potion of attraction {unknown}
 g - 4 potions of curing {unknown}
 h - 5 potions of degeneration {unknown}
 i - a potion of brilliance {unknown}
 m - a potion of heal wounds {unknown}
 n - 2 potions of haste {unknown}
 r - a potion of mutation {unknown}
 z - a potion of ambrosia {unknown}


   Skills:
 + Level 11.6 Fighting
 - Level 5.3 Maces & Flails
 - Level 2.6 Dodging


You had 7 spell levels left.
You didn't know any spells.
Your spell library was empty.

Dungeon Overview and Level Annotations

Branches:
Dungeon (5/15)             Temple (1/1) D:4

Altars:
Ashenzari
Cheibriados
Dithmenos
Fedhas
Gozag
Hepliaklqana
Kikubaaqudgha
Makhleb
Nemelex Xobeh
Trog
Uskayaw
Vehumet
Wu Jian
Xom
Yredelemnul
The Shining One


Innate Abilities, Weirdness & Mutations

You are too large for most types of armour.
You have tough skin. (AC +1)


Message History

A water moccasin comes into view.
The water moccasin hisses angrily.
You see here a water moccasin corpse.
An iguana comes into view.
Okay, then.
Unknown command.
You miss the water moccasin. The water moccasin barely misses you.
The water moccasin closely misses you.
You miss the water moccasin. The water moccasin closely misses you.
The water moccasin bites you.
* * * LOW HITPOINT WARNING * * *
You are poisoned.
The water moccasin poisons you! The water moccasin bites you.
* * * LOW HITPOINT WARNING * * *
You puncture the water moccasin!
The water moccasin is moderately wounded.
You feel very sick. The water moccasin barely misses you.
The water moccasin bites you.
* * * LOW HITPOINT WARNING * * *
You are more poisoned.
The water moccasin poisons you!
You hit the water moccasin.
The water moccasin is heavily wounded.
* * * LOW HITPOINT WARNING * * *
You feel extremely sick. The water moccasin bites you.
* * * LOW HITPOINT WARNING * * *
The water moccasin bites you.
* * * LOW HITPOINT WARNING * * *
You are more poisoned.
The water moccasin poisons you! The water moccasin bites you.
* * * LOW HITPOINT WARNING * * *
You are more poisoned.
The water moccasin poisons you!
Okay, then.
Unknown command.
Unknown command.
You completely miss the water moccasin.
The water moccasin is heavily wounded.
You die...

..?.. #.# #######
.##....# ###.#
..##....## #...#
...##....###.###########
....##.....#.# #......#
.....###.....####......#
................#......#
####.†S.###..........#
##.##@# #####>.....#
#..##.#### #......#
#....###....## #......#
#..#### ####..##########
#l ##....# $. #####.####
.. #........# .
#........# #........##


You could see a water moccasin.

Vanquished Creatures
  Sigmund (D:4)
  Menkaure (D:5)
  Edmund (D:4)
  A water moccasin (D:5)
  A phantom (D:4)
  A scorpion (D:5)
  A gnoll sergeant (D:3)
  2 jellies (D:4)
  A hound (D:4)
  2 orc priests (D:4)
  Natasha (thrice) (D:2)
  An orc wizard (D:4)
  9 gnolls
  3 adders
  8 worms
  5 dart slugs
  21 orcs
  5 ball pythons
  5 endoplasms
  3 giant cockroaches
  7 goblins
  8 hobgoblins
  7 jackals
  2 quokkas
  3 bats
  6 frilled lizards
  4 kobolds
  5 rats
117 creatures vanquished.

Notes
Turn   | Place    | Note
-------+----------+-------------------------------------------
     0 | D:1      | cdecastro the Ogre Berserker began the quest for the Orb.
     0 | D:1      | Reached XP level 1. HP: 24/24 MP: 1/1
   119 | D:1      | Reached XP level 2. HP: 31/32 MP: 2/2
   480 | D:1      | Reached XP level 3. HP: 38/40 MP: 3/3
  1124 | D:2      | Found a snail-covered altar of Cheibriados.
  1131 | D:2      | Reached ** piety under Trog
  1169 | D:2      | Noticed Natasha
  1181 | D:2      | Killed Natasha
  1182 | D:2      | Reached skill level 5 in Fighting
  1182 | D:2      | Reached XP level 4. HP: 13/50 MP: 4/4
  1711 | D:2      | Noticed Natasha
  1716 | D:2      | Killed Natasha
  1733 | D:2      | Reached XP level 5. HP: 38/57 MP: 5/5
  2095 | D:2      | Noticed Natasha
  2106 | D:2      | Killed Natasha
  2728 | D:3      | Reached skill level 5 in Maces & Flails
  2736 | D:3      | Reached skill level 6 in Fighting
  2736 | D:3      | Reached XP level 6. HP: 67/67 MP: 6/6
  3046 | D:3      | Identified the +9 rapier "Goucont" {vorpal, rC++ Will+
                  | Str-5 Int+3}
  3313 | D:3      | Found a faded altar of an unknown god.
  3509 | D:4      | Reached *** piety under Trog
  3852 | D:4      | Found an ornate altar of the Wu Jian Council.
  3885 | D:4      | Reached skill level 7 in Fighting
  4029 | D:4      | Reached XP level 7. HP: 63/79 MP: 7/7
  4101 | D:4      | Found a staircase to the Ecumenical Temple.
  4126 | Temple   | Entered the Ecumenical Temple
  4376 | D:4      | Noticed Edmund
  4381 | D:4      | Killed Edmund
  4382 | D:4      | Reached skill level 8 in Fighting
  4420 | D:4      | Noticed Sigmund
  4425 | D:4      | Killed Sigmund
  4426 | D:4      | Reached skill level 9 in Fighting
  4756 | D:4      | Reached skill level 10 in Fighting
  4759 | D:4      | Reached XP level 8. HP: 54/93 MP: 8/8
  5077 | D:5      | Entered Level 5 of the Dungeon
  5170 | D:5      | Noticed Menkaure
  5177 | D:5      | Killed Menkaure
  5188 | D:5      | Reached skill level 11 in Fighting
  5354 | D:5      | Succumbed to a water moccasin's poison

Illustrated notes

Levels and vault maps discovered:
D:1:      amcnicky_arrival_blooded_trapdoor, layout_basic
D:2:      layout_loops_ring, basic_altar, nicolae_wormholes, uniq_natasha
D:3:      layout_basic, basic_ecumenical_altar
D:4:      layout_gridville, kennysheep_little_box,
          minmay_temple_entry_stoned_glass, sigmund_edmund_badplayer
D:5:      layout_rooms, lightli_sewer_entry_pipes, moated_statue,
          nrook_mini_backslash, uniq_menkaure
Temple:   nicolae_temple_bog_church

Skill      XL: |  1  2  3  4  5  6  7  8 |
---------------+-------------------------+-----
Maces & Flails | 3 4 5 |  5.3
Fighting       | 5 6 7 10 11 | 11.6
Dodging        | |  2.6

Action                   |  1- 3 |  4- 6 |  7- 9 || total
-------------------------+-------+-------+-------++-------
Melee: Whip              |    93 |   121 |       ||   214
       Punch             |     1 |       |     1 ||     2
       Rapier            |       |    46 |    69 ||   115
Invok: Berserk           |       |     1 |     5 ||     6
Armor: Animal skin       |    25 |    36 |     5 ||    66
Dodge: Dodged            |    53 |    71 |    37 ||   161
